 Dungeon Crawl Stone Soup version 0.21-a0-504-g2eda330 (webtiles) character file.

114 tof the Slasher (level 4, -1/35 HPs)
             Began as a Demonspawn Berserker on Nov 25, 2017.
             Was a Believer of Trog.
             Slain by an orc priest
             ... wielding a +0 trident
              (7 damage)
             ... on level 3 of the Dungeon.
             The game lasted 00:03:01 (2849 turns).

tof the Slasher (Demonspawn Berserker)              Turns: 2849, Time: 00:03:01

Health: -1/35      AC:  6    Str: 17    XL:     4   Next: 67%
Magic:  4/4        EV:  9    Int:  9    God:    Trog [**....]
Gold:   147        SH:  8    Dex: 13    Spells: 3/3 levels left

rFire    . . .     SeeInvis .   a - +0 falchion
rCold    . . .     Gourm    .   f - +0 shield
rNeg     . . .     Faith    .   j - +0 ring mail
rPois    .         Spirit   .   (no helmet)
rElec    .         Reflect  .   (no cloak)
rCorr    .         Harm     .   l - +0 pair of gloves (curse)
MR       .....                  (no boots)
Stlth    +.........             (no amulet)
HPRegen  0.11/turn              (no ring)
MPRegen  0.09/turn              (no ring)

@: no status effects
A: talons 2
a: Berserk, Trog's Hand, Burn Spellbooks, Renounce Religion


You were on level 3 of the Dungeon.
You worshipped Trog.
Trog was pleased with you.
You were not hungry.

You visited 1 branch of the dungeon, and saw 3 of its levels.

You collected 147 gold pieces.

Inventory:

Hand Weapons
 a - a +0 falchion (weapon)
Armour
 f - a +0 shield (worn)
 j - a +0 ring mail (worn)
 l - a cursed +0 pair of gloves (worn)
Jewellery
 r - an uncursed ring of protection from fire {unknown}
Scrolls
 g - a scroll of fear {unknown}
 k - a scroll of magic mapping {unknown}
 s - 2 scrolls of identify {unknown}
Potions
 b - a potion of brilliance {unknown}
 d - 2 potions of lignification {unknown}
 e - a potion of flight {unknown}
 i - a potion of agility {unknown}
 m - a potion of cancellation {unknown}
 n - a potion of curing {unknown}
 o - a potion of ambrosia {unknown}
 p - a potion of might {unknown}
Comestibles
 c - a bread ration
 h - 3 royal jellies
 q - a meat ration
 t - a chunk of flesh


   Skills:
 + Level 3.5 Fighting
 * Level 3.6 Long Blades
 + Level 2.3 Armour
 + Level 2.4 Dodging
 + Level 1.1 Shields


You had 3 spell levels left.
You didn't know any spells.

Dungeon Overview and Level Annotations

Branches:
Dungeon (3/15)

Altars:
Qazlal
Sif Muna
Yredelemnul
The Shining One

Annotations:
D:2 walls


Innate Abilities, Weirdness & Mutations

You have razor-sharp toenails.


Message History

Trog accepts your kill. The orc priest completely misses you.
You block the orc priest's attack.
Things that are here:
a club; a ring mail You closely miss the orc priest.
You claw the orc priest, but do no damage.
You block the orc priest's attack.
You barely miss the orc priest.
You claw the orc priest, but do no damage.
The orc priest calls down the wrath of Beogh upon you.
Pain shoots through your body!
The orc priest mumbles some strange prayers to Beogh against you.
Beogh smites you!
* * * LOW HITPOINT WARNING * * *
Your shield prevents you from hitting the orc priest.
You claw the orc priest.
The orc priest is moderately wounded.
The orc priest hits you with a trident!
You die...

......#.. ...#.### ##..#....
......#.# ###.#.# ###.#....
#####.#.# ..#.# #........
#####.#.# #.# #.#.#
#........
........###.###.#.#
#........
######..#.......#.#
#.......รท #..#.#.##..#.#
#.......)
##.#.......#.#######........
#.#.......@o...............
#.....###.#.######.........
#........!#.# #.........
#.....#####.# #.........
#.#...# .# ......... #.#...#
.# ........ #.#.... ..
....... #.#...## .. #.#..>.


You could see an orc priest.

Vanquished Creatures
  Crazy Yiuf (D:2)
  3 adders
  A worm (D:2)
  2 dart slugs
  A leopard gecko (D:2)
  4 orcs (D:3)
  5 giant cockroaches
  7 goblins
  4 hobgoblins
  6 kobolds
  5 bats
  5 frilled lizards
  4 rats
48 creatures vanquished.

Notes
Turn   | Place    | Note
-------+----------+-------------------------------------------
     0 | D:1      | tof the Demonspawn Berserker began the quest for the Orb.
     0 | D:1      | Reached XP level 1. HP: 18/18 MP: 1/1
   537 | D:1      | Gained mutation: You have sharp toenails. [demonic ancestry]
   537 | D:1      | Reached XP level 2. HP: 24/24 MP: 2/2
   975 | D:2      | Reached ** piety under Trog
   975 | D:2      | Gained mutation: You have razor-sharp toenails. [demonic ancestry]
   975 | D:2      | Reached XP level 3. HP: 29/29 MP: 3/3
  1042 | D:2      | Found a runed door.
  1671 | D:2      | Found a deep blue altar of Sif Muna.
  1685 | D:2      | Found a basalt altar of Yredelemnul.
  1693 | D:2      | Found a stormy altar of Qazlal.
  2234 | D:2      | Noticed Crazy Yiuf
  2244 | D:2      | Killed Crazy Yiuf
  2244 | D:2      | Reached skill level 1 in Shields
  2244 | D:2      | Reached XP level 4. HP: 18/35 MP: 4/4
  2591 | D:3      | Found a glowing golden altar of the Shining One.
  2849 | D:3      | Slain by an orc priest

Vault maps used:
D:1:      mrwooster_arrival_statue
D:2:      minitemple, first_bread, minmay_surrounded, uniq_crazy_yiuf_cottage
D:3:      tso_metal_star, grunt_temple_overflow_open

Skill      XL: |  1  2  3 |
---------------+----------+-----
Dodging        | 2 |  2.4
Armour         | 2 |  2.3
Long Blades    | 3 |  3.6
Shields        | 1 |  1.1
Fighting       | |  3.5

Action                   |  1- 3 |  4- 6 || total
-------------------------+-------+-------++-------
Melee: Falchion          |   103 |    35 ||   138
       Kick              |    25 |    14 ||    39
 Stab: Sleeping          |     1 |       ||     1
  Eat: Chunk             |     2 |       ||     2
       Bread ration      |     1 |       ||     1
Armor: Animal skin       |    10 |       ||    10
       Ring mail         |    14 |    28 ||    42
Dodge: Dodged            |    43 |    30 ||    73
Block: Shield            |    28 |    28 ||    56
       Rpst.: Falchion   |    12 |     7 ||    19

Table legend:
 A = Spawn XP
 B = Non-spawn XP
 C = Spawn XP percentage of total XP
 D = Spawn monster count
 E = Non-spawn monster count
 F = Spawn count percentage of total count
 G = Total turns spent on level
                    A         B        C        D         E        F      G
               +---------+---------+-------+---------+---------+-------+---------
         Total |       0 |     164 |   0.0 |       0 |      48 |   0.0 |  2849
               +---------+---------+-------+---------+---------+-------+---------
           D:1 |       0 |      23 |   0.0 |       0 |      13 |   0.0 |   797
           D:2 |       0 |     100 |   0.0 |       0 |      21 |   0.0 |  1743
           D:3 |       0 |      41 |   0.0 |       0 |      14 |   0.0 |   309
               +---------+---------+-------+---------+---------+-------+---------
